AoeStats
← sir8Lampard

Black Forest

508714511Analyzed
3v3 RM · 10d ago on Sep 23, 2026· 75m 59s· 6 players
Game mode
Random Map
Map size
Normal (6 player)
Population
200
Speed
Normal
Resources
Standard
Victory
Conquest
Starting age
Dark Age
Ending age
Imperial Age
RankedLock teamsTeams togetherTeam positionsShared explorationLock speedFull tech treeHidden civsTurbo modeCheats
Victory
Defeat
🇳🇱 Franks · Netherlands
631
+12
🇧🇪 Celts · Belgium
627
+12
🇹🇷 Inca · Türkiye
422
+20
🇰🇿 Huns · Kazakhstan
549
-15
🇨🇭 Persians · Switzerland
535
-15
🇳🇱 Vietnamese · Netherlands
526
-14
NoxiPoxi
1:17 Loom
15:35 Feudal Age
16:59 Wheelbarrow
17:04 Double-Bit Axe
17:04 Horse Collar
18:03 Town Watch
21:22 Stone Mining
25:47 Gold Mining
28:26 Castle Age
29:25 Hand Cart
29:11 Town Patrol
29:14 Heavy Plow
29:29 Bow Saw
29:56 Stone Shaft Mining
31:44 Chatras
33:35 Squires
33:20 Arson
34:02 Caravan
34:48 Coinage
34:57 Man-at-Arms
35:48 Scale Barding Armor
35:43 Scale Mail Armor
35:54 Forging
35:34 Fletching
35:44 Padded Archer Armor
36:18 Husbandry
36:29 Bloodlines
39:05 Masonry
39:07 Fortified Wall
38:43 Treadmill Crane
39:02 Murder Holes
39:39 Ballistics
40:00 Iron Casting
39:41 Chain Mail Armor
39:46 Chain Barding Armor
43:53 Imperial Age
41:33 Bodkin Arrow
42:53 Guard Tower
45:16 Crop Rotation
45:53 Two-Man Saw
45:42 Keep
44:55 Arrowslits
46:16 Chemistry
46:05 Banking
45:50 Guilds
46:53 Siege Engineers
46:28 Elite Battle Elephant
49:59 Plate Barding Armor
49:54 Plate Mail Armor
49:40 Leather Archer Armor
49:25 Bracer
49:47 Thumb Ring
49:03 Crossbowman
50:12 Heavy Cavalry Archer
52:28 Elite Rattan Archer
53:01 Elite Fire Lancer
57:00 Bombard Tower
58:33 Elite Rattan Archer
59:51 Hoardings
61:03 Sanctity
61:04 Block Printing
63:50 Ring Archer Armor
64:39 Sappers
66:19 Paper Money
66:13 Herbal Medicine
66:46 Illumination
66:57 Theocracy
66:24 Atonement
69:51 Devotion
71:21 Arbalester
71:24 Elite Skirmisher
73:24 Imperial Skirmisher
73:33 Long Swordsman
73:49 Light Cavalry
Umiker
0:40 Loom
15:34 Feudal Age
19:15 Wheelbarrow
18:26 Town Watch
21:12 Castle Age
20:57 Arson
22:13 Fletching
22:33 Forging
22:25 Scale Mail Armor
23:47 Hand Cart
26:07 Double-Bit Axe
28:30 Murder Holes
29:06 Bodkin Arrow
30:33 Ballistics
30:28 Gambesons
30:44 Squires
31:36 Bow Saw
33:15 Fishing Lines
34:29 Horse Collar
35:04 Pikeman
36:50 Gillnets
37:38 Kamandaran
39:45 Iron Casting
39:37 Chain Mail Armor
39:36 Thumb Ring
40:04 Crossbowman
42:12 Parthian Tactics
46:42 Imperial Age
45:06 Padded Archer Armor
45:12 Scale Barding Armor
46:50 Town Patrol
47:25 Conscription
51:10 Capped Ram
54:51 Light Cavalry
55:42 Bloodlines
55:32 Husbandry
55:40 Hussar
Pretoreproperdon
5:02 Loom
13:07 Feudal Age
14:35 Wheelbarrow
13:48 Horse Collar
14:30 Double-Bit Axe
15:01 Gold Mining
16:32 Stone Mining
20:08 Bloodlines
20:02 Fletching
22:45 Town Watch
25:56 Castle Age
26:25 Scale Barding Armor
26:31 Forging
26:55 Husbandry
27:10 Heavy Plow
27:27 Hand Cart
27:54 Masonry
30:07 Ballistics
30:01 Marauders
30:41 Bodkin Arrow
31:07 Chain Barding Armor
31:06 Murder Holes
34:10 Town Patrol
35:03 Gold Shaft Mining
34:50 Bow Saw
38:32 Thumb Ring
38:15 Light Cavalry
41:07 Caravan
44:46 Imperial Age
45:19 Iron Casting
44:45 Scale Mail Armor
44:45 Padded Archer Armor
55:02 Two-Man Saw
58:19 Plate Barding Armor
58:46 Blast Furnace
58:02 Chain Mail Armor
57:52 Bracer
66:12 Blast Furnace
65:28 Chain Mail Armor
65:17 Bracer
65:33 Leather Archer Armor
65:27 Cavalier
68:46 Paladin
sir8Lampard
0:35 Loom
14:36 Feudal Age
16:12 Wheelbarrow
15:34 Double-Bit Axe
17:52 Fishing Lines
21:51 Stone Mining
21:51 Gold Mining
27:43 Castle Age
25:36 Horse Collar
29:17 Hand Cart
32:27 Imperial Age
32:47 Stone Shaft Mining
32:48 Gold Shaft Mining
32:54 Gold Shaft Mining
34:24 Pikeman
35:48 Heavy Plow
37:29 Bow Saw
39:21 Halberdier
40:13 Heavy Scorpion
41:36 Ballistics
41:51 Conscription
42:16 Siege Engineers
43:13 Chemistry
42:30 Gambesons
44:34 Scale Mail Armor
44:45 Forging
50:59 Elite Woad Raider
51:50 Furor Celtica
52:16 Capped Ram
57:11 Fortified Wall
57:55 Chain Mail Armor
59:54 Siege Ram
73:51 Guilds
74:11 Coinage
73:42 Caravan
73:49 Scale Barding Armor
74:15 Plate Mail Armor
74:20 Iron Casting
73:58 Masonry
73:38 Heated Shot
73:44 Murder Holes
Testudo
17:01 Feudal Age
23:04 Loom
26:48 Castle Age
25:24 Wheelbarrow
25:04 Double-Bit Axe
28:00 Bow Saw
27:58 Husbandry
29:17 Squires
29:43 Town Watch
33:22 Pikeman
36:13 Forging
36:05 Scale Mail Armor
36:11 Scale Barding Armor
38:34 Hand Cart
45:30 Iron Casting
45:12 Chain Mail Armor
45:18 Fortified Wall
45:04 Murder Holes
45:31 Ballistics
47:51 Imperial Age
46:43 Chain Barding Armor
46:14 Fletching
46:25 Padded Archer Armor
50:18 Conscription
50:30 Gold Mining
50:31 Stone Mining
50:29 Elite Skirmisher
51:15 Onager
55:07 Chivalry
54:30 Elite Throwing Axeman
54:38 Halberdier
56:26 Blast Furnace
55:23 Bodkin Arrow
56:04 Plate Barding Armor
57:05 Cavalier
59:35 Paladin
61:14 Gold Shaft Mining
61:07 Ordonnance Companies
70:00 Plate Mail Armor
69:46 Leather Archer Armor
eng1n34
1:04 Loom
18:11 Feudal Age
22:12 Champi Runner
24:53 Arson
25:48 Forging
25:40 Scale Mail Armor
25:48 Padded Archer Armor
25:41 Fletching
26:03 Horse Collar
26:13 Double-Bit Axe
26:22 Gold Mining
26:28 Stone Mining
31:18 Castle Age
29:12 Fishing Lines
31:29 Pikeman
32:12 Squires
31:35 Champi Warrior
33:37 Leather Archer Armor
38:08 Iron Casting
37:49 Chain Mail Armor
37:30 Bodkin Arrow
37:38 Heavy Plow
37:51 Bow Saw
39:44 Gold Shaft Mining
42:19 Andean Sling
46:20 Stone Shaft Mining
53:02 Fortified Wall
57:15 Imperial Age
61:03 Wheelbarrow
70:35 Fabric Shields
Connection lost

Rejoining the realm…

Still unreachable

The connection could not be restored.

Session expired

The server has moved on; the page needs a fresh start.